[Event "Titled Tuesday Blitz February 07 Early 2023"]
[White "Dudzinski, Pawel"]
[Black "Ordekalog"]
[WhiteFideId "1117890"]
[WhiteElo "2186"]
[BlackElo "2555"]
[Result "1-0"]
[Round "08"]
[TimeControl "180+2"]
[Date "2023.02.07"]
[WhiteClock "0:01:31"]
[BlackClock "0:01:48"]

1. e4 d5 2. e5 c5 3. f4 Nc6 4. Nf3 Bg4 5. h3 Bxf3 6. Qxf3 Nd4 7. Qd1 e6 8. g3 g5 9. c3 gxf4 10. cxd4 fxg3 11. Bb5+ Ke7 12. O-O Qb6 13. Na3 Nh6 14. d3 Rg8 15. Qh5 Rg6 16. Bg5+ f6 17. Rxf6 Rxg5 18. Qxg5 1-0


[Site "https://www.chess.com"]

[Event "Titled Tuesday Blitz February 07 Early 2023"]
[White "Alinasab, Mobina"]
[Black "Mesa Cruz, Juan Carlos"]
[WhiteFideId "12528897"]
[BlackFideId "6423400"]
[WhiteElo "2347"]
[BlackElo "2122"]
[Result "1/2-1/2"]
[Round "08"]
[TimeControl "180+2"]
[Date "2023.02.07"]
[WhiteClock "0:00:04"]
[BlackClock "0:00:17"]

1. e4 c5 2. Nf3 d6 3. d4 cxd4 4. Nxd4 Nf6 5. Nc3 a6 6. g3 e5 7. Nde2 Be6 8. Bg2 Be7 9. O-O O-O 10. h3 Nbd7 11. Be3 Nb6 12. b3 Rc8 13. Qd2 Qc7 14. Rac1 Rfd8 15. Nd5 Nbxd5 16. exd5 Bf5 17. c4 b6 18. Nc3 Qb7 19. g4 Bg6 20. Na4 b5 21. Nb6 Rb8 22. cxb5 axb5 23. Rc6 Nd7 24. Rfc1 Nxb6 25. Rxb6 Qa8 26. Rxb8 Rxb8 27. Rc6 f6 28. f4 Be8 29. fxe5 fxe5 30. Be4 Rc8 31. Rxc8 Qxc8 32. Qd3 g6 33. Qc2 Qb7 34. Kg2 Bd8 35. Kf3 Bf7 36. Qc6 Qxc6 37. dxc6 d5 38. Bc2 Be8 39. a4 Bxc6 40. axb5 Bxb5 41. Bc5 Bc6 42. Ke2 d4 43. Bd3 Bd5 44. b4 e4 45. Ba6 d3+ 46. Kd2 Bg5+ 47. Be3 Be7 48. Bc5 Bg5+ 49. Be3 Be7 50. Kc3 Bf6+ 51. Kd2 Kf7 52. b5 Ke6 53. b6 h5 54. gxh5 gxh5 55. b7 Bxb7 56. Bxb7 Kf5 57. Bc8+ Ke5 58. Bd7 Be7 59. Be8 Bb4+ 60. Kd1 h4 61. Bh5 Bc3 62. Bg4 d2 63. Bxd2 Bxd2 64. Kxd2 Kf4 65. Ke2 e3 66. Bf3 Kg3 67. Bg4 Kf4 68. Bc8 Ke4 69. Bd7 Kf4 70. Bg4 Ke4 71. Bh5 Kf4 72. Kd3 Kg3 73. Bg4 Kf4 74. Kd4 e2 75. Bxe2 Kg3 76. Bg4 Kf4 77. Kd5 Kg5 78. Ke6 Kg6 79. Ke5 Kg5 80. Bf5 Kh6 81. Kf4 Kg7 82. Kg5 Kh8 83. Kxh4 Kg8 84. Kg5 Kh8 85. h4 Kg8 86. h5 Kh8 87. Kg6 Kg8 88. Bg4 Kh8 89. Kg5 Kg8 90. Bf5 Kh8 91. Be6 Kh7 92. Kf6 Kh8 93. Kf7 Kh7 94. Bf5+ Kh8 95. Kg6 Kg8 96. h6 Kh8 97. h7 1/2-1/2


[Site "https://www.chess.com"]

[Event "Titled Tuesday Blitz February 07 Early 2023"]
[White "Cori T., Deysi"]
[Black "Jovic, Stanoje"]
[WhiteFideId "3801934"]
[BlackFideId "905020"]
[WhiteElo "2362"]
[BlackElo "2075"]
[Result "1-0"]
[Round "08"]
[TimeControl "180+2"]
[Date "2023.02.07"]
[WhiteClock "0:02:36"]
[BlackClock "0:00:01"]

1. e4 c6 2. Nf3 d5 3. exd5 cxd5 4. d4 Nc6 5. Bb5 Qa5+ 6. Nc3 Bg4 7. O-O Nf6 8. h3 Bh5 9. g4 Bg6 10. Ne5 Rc8 11. Qf3 e6 12. Bg5 Be7 13. Rfe1 O-O 14. Bxf6 Bxf6 15. Bxc6 bxc6 16. Nd7 Bxd4 17. Nxf8 Rxf8 18. Rad1 c5 19. Rd2 Rb8 20. Rde2 h6 21. h4 Rxb2 22. Nxd5 exd5 23. Re8+ Kh7 24. h5 Rb8 25. hxg6+ fxg6 26. Qf7 h5 27. g5 1-0


[Site "https://www.chess.com"]

[Event "Titled Tuesday Blitz February 07 Early 2023"]
[White "Kopczynski, Michal"]
[Black "Zacurdajev, Dmitry"]
[WhiteFideId "1124200"]
[BlackFideId "4196309"]
[WhiteElo "2225"]
[BlackElo "2273"]
[Result "1-0"]
[Round "08"]
[TimeControl "180+2"]
[Date "2023.02.07"]
[WhiteClock "0:00:09"]
[BlackClock "0:00:02"]

1. e4 c6 2. d4 d5 3. e5 c5 4. dxc5 Nc6 5. f4 e6 6. Nf3 Bxc5 7. Bd3 Nh6 8. Nc3 Ng4 9. Qe2 Nf2 10. Rf1 Nxd3+ 11. Qxd3 Qb6 12. a3 Bd7 13. Bd2 Ne7 14. O-O-O a5 15. g4 Rc8 16. f5 d4 17. fxe6 fxe6 18. Ne2 Bb5 19. Qe4 Bc6 20. Qf4 Rf8 21. Qg3 d3 22. Nc3 dxc2 23. Kxc2 Nd5 24. Ng5 Nxc3 25. Bxc3 Ba4+ 26. Kb1 Bxd1 27. Rxd1 Be3 28. Ne4 Bc5 29. Qh4 Be7 30. Qxh7 Qb3 31. Qg6+ Rf7 32. Rf1 Bf6 33. exf6 Qc4 34. Nd6+ 1-0


[Site "https://www.chess.com"]

[Event "Titled Tuesday Blitz February 07 Early 2023"]
[White "Babikov, Ivan"]
[Black "Perez Gormaz, Matias"]
[WhiteFideId "4161106"]
[BlackFideId "3406342"]
[WhiteElo "2239"]
[BlackElo "2406"]
[Result "1-0"]
[Round "08"]
[TimeControl "180+2"]
[Date "2023.02.07"]
[WhiteClock "0:00:04"]
[BlackClock "0:00:03"]

1. Nf3 d5 2. g3 Nd7 3. d4 Nb6 4. Bg2 Bf5 5. O-O h6 6. b3 c6 7. Bb2 e6 8. Nbd2 Nf6 9. c4 Be7 10. Ne5 O-O 11. Ndf3 a5 12. Rc1 a4 13. c5 Nbd7 14. b4 a3 15. Ba1 Nxe5 16. Nxe5 Bh7 17. Qb3 Ne8 18. b5 f6 19. Nd3 Nc7 20. b6 Nb5 21. Bh3 Bf5 22. Bxf5 exf5 23. Nf4 Qd7 24. Rfd1 Rfe8 25. Qf3 g5 26. Nd3 Bf8 27. h4 Ra4 28. e3 Rc4 29. Rxc4 dxc4 30. Nb4 g4 31. Qe2 Qf7 32. d5 Bxc5 33. Qxc4 Bxb6 34. Nxc6 bxc6 35. Qxc6 Bxe3 36. fxe3 Na7 37. Qxf6 Qxf6 38. Bxf6 Kf7 39. Bd4 Nb5 40. Bc5 Rc8 41. d6 Ke6 42. d7 Rd8 43. Bf8 h5 44. Bh6 Rxd7 45. Rb1 Nc3 46. Rb3 Rd1+ 47. Kg2 Rd2+ 48. Kg1 Ne4 49. Rxa3 Nxg3 50. Bf4 Ne2+ 51. Kf1 Nd4 52. exd4 Kd5 53. Bxd2 1-0


[Site "https://www.chess.com"]

[Event "Titled Tuesday Blitz February 07 Early 2023"]
[White "Golubev, Mikhail"]
[Black "Melikhov, Evgeny V."]
[WhiteFideId "14100983"]
[BlackFideId "4122046"]
[WhiteElo "2461"]
[BlackElo "2269"]
[Result "1-0"]
[Round "08"]
[TimeControl "180+2"]
[Date "2023.02.07"]
[WhiteClock "0:00:07"]
[BlackClock "0:00:03"]

1. e4 e5 2. Nf3 Nc6 3. Bc4 Nf6 4. c3 Be7 5. d3 O-O 6. O-O d6 7. h3 Na5 8. Bb5 a6 9. Ba4 b5 10. Bc2 c5 11. Nbd2 Bb7 12. Re1 Re8 13. Nf1 Bf8 14. Ng3 d5 15. Bg5 h6 16. Bh4 g5 17. Nxg5 hxg5 18. Bxg5 Qb6 19. Nf5 Nh7 20. Bd2 c4 21. Re3 Re6 22. exd5 Bxd5 23. Qh5 cxd3 24. Bxd3 e4 25. Rg3+ Rg6 26. Ne7+ Bxe7 27. Qxd5 Rd8 28. Qxe4 Rxd3 29. Qxd3 Nc4 30. Rxg6+ Qxg6 31. Qxg6+ fxg6 32. Bc1 Bf6 33. Rb1 Nf8 34. b3 Nd6 35. Bb2 Nf5 36. Rd1 Kf7 37. Rd2 Ke6 38. c4 Bxb2 39. Rxb2 b4 40. Re2+ Kd7 41. Rd2+ Kc6 42. Rd5 Ne6 43. Ra5 Nc5 44. a3 bxa3 45. Rxa3 Kb6 46. b4 Ne6 47. g4 Nfd4 48. Rd3 a5 49. bxa5+ Kxa5 50. h4 Kb4 51. h5 gxh5 52. gxh5 Kxc4 53. h6 Ng5 54. Ra3 Nde6 55. Ra7 Nf8 56. Rg7 Ngh7 57. Kg2 Kd5 58. Kg3 Ke6 59. Kh4 Kf6 60. f4 Ng6+ 61. Kg4 Nhf8 62. f5 Nh8 63. Rg8 Nf7 64. Rxf8 Ke7 65. Rxf7+ Kxf7 66. Kg5 1-0


[Site "https://www.chess.com"]

[Event "Titled Tuesday Blitz February 07 Early 2023"]
[White "Goncalves, Davi Sulzbacher"]
[Black "Brilej, Jaka"]
[WhiteFideId "2154510"]
[BlackFideId "14618818"]
[WhiteElo "2282"]
[BlackElo "2321"]
[Result "0-1"]
[Round "08"]
[TimeControl "180+2"]
[Date "2023.02.07"]
[WhiteClock "0:00:02"]
[BlackClock "0:00:11"]

1. d4 d5 2. Nf3 Nf6 3. Bg5 e6 4. e3 Be7 5. c4 Ne4 6. Bxe7 Qxe7 7. Nc3 Nxc3 8. bxc3 O-O 9. Bd3 b6 10. cxd5 exd5 11. O-O Bg4 12. h3 Bh5 13. c4 dxc4 14. Bxc4 Nd7 15. Rc1 c5 16. d5 Rad8 17. d6 Qf6 18. g4 Bg6 19. Qd5 Rfe8 20. g5 Qf5 21. Qxf5 Bxf5 22. Kg2 Be4 23. Kg3 Bxf3 24. Kxf3 Ne5+ 25. Kf4 Rxd6 26. Bb5 Ng6+ 27. Kg3 Red8 28. f4 Ne7 29. e4 Rd4 30. Rfe1 g6 31. h4 Nc8 32. f5 Nd6 33. Bc6 gxf5 34. e5 Ne4+ 35. Bxe4 Rxe4 36. Rxe4 fxe4 37. Kf4 Rd4 38. h5 Kf8 39. e6 fxe6 40. Rf1 Kg7 41. Ke5 Rd5+ 42. Kxe6 Rxg5 43. Rf7+ Kh6 44. Kf6 Rxh5 45. Rxa7 Rg5 46. a4 Rg6+ 47. Kf5 e3 48. Re7 Rc6 49. Rxe3 c4 50. Rc3 Kg7 51. Ke5 h5 52. Kd5 Rc5+ 53. Kd4 Kg6 54. Rg3+ Kh6 55. Kc3 h4 56. Rg8 Kh5 57. Rh8+ Kg4 58. Rg8+ Kh3 59. Rh8 Kg3 60. Rg8+ Kh2 61. Rg6 Ra5 62. Kb4 c3 63. Rxb6 Rf5 64. Rc6 Rf4+ 65. Kxc3 Rxa4 66. Kd2 Re4 67. Rg6 h3 68. Rg8 Kh1 69. Rg7 h2 70. Rg8 Re7 71. Rg6 Re8 72. Rg7 Ra8 73. Ke2 Ra1 74. Kf2 Rg1 75. Rh7 Rg6 76. Kf1 Rf6+ 77. Ke2 Rf5 78. Rg7 Rf6 79. Rg8 Rf5 80. Rg7 Rf4 81. Rg6 Ra4 82. Kf2 Ra1 83. Rg7 Rg1 84. Rh7 Rg6 85. Rh8 Rf6+ 86. Ke2 Kg2 87. Rg8+ Kh3 88. Rh8+ Kg3 89. Rg8+ Kh3 90. Rh8+ Kg2 91. Rg8+ Kh1 92. Rg7 Ra6 93. Kf2 Ra1 94. Rg8 Rg1 95. Rh8 Rg5 96. Rh6 Rf5+ 97. Ke2 Kg2 98. Rg6+ Kh3 99. Rh6+ Kg3 100. Rh8 Rf4 101. Rg8+ Rg4 102. Rh8 Rh4 103. Rg8+ Kf4 104. Rf8+ Ke5 105. Rf1 h1=Q 0-1


[Site "https://www.chess.com"]

[Event "Titled Tuesday Blitz February 07 Early 2023"]
[White "Foerster-Yialamas, Lucas"]
[Black "Lehtosaari, Mauri"]
[WhiteFideId "30901774"]
[BlackFideId "501999"]
[WhiteElo "2151"]
[BlackElo "2176"]
[Result "1-0"]
[Round "08"]
[TimeControl "180+2"]
[Date "2023.02.07"]
[WhiteClock "0:01:51"]
[BlackClock "0:00:14"]

1. e4 c5 2. d4 cxd4 3. c3 Nf6 4. e5 Nd5 5. Nf3 e6 6. c4 Ne7 7. Nxd4 Ng6 8. Nc3 Nxe5 9. Ndb5 a6 10. Nd6+ Bxd6 11. Qxd6 Nbc6 12. f4 Ng6 13. f5 Nge7 14. f6 gxf6 15. Bd3 Qa5 16. O-O Qe5 17. Ne4 Qxd6 18. Nxd6+ Kf8 19. Bh6+ Kg8 20. Ne8 1-0


[Site "https://www.chess.com"]

[Event "Titled Tuesday Blitz February 07 Early 2023"]
[White "Sputnik-11"]
[Black "Pein, Jonathan"]
[BlackFideId "417092"]
[WhiteElo "2381"]
[BlackElo "2265"]
[Result "0-1"]
[Round "08"]
[TimeControl "180+2"]
[Date "2023.02.07"]
[WhiteClock "0:00:05"]
[BlackClock "0:00:05"]

1. Nf3 d6 2. c4 g6 3. g3 Bg7 4. Bg2 e5 5. Nc3 c5 6. O-O Ne7 7. a3 Nbc6 8. Ne1 O-O 9. Nc2 f5 10. Ne3 f4 11. Ned5 Be6 12. Rb1 Qd7 13. b4 Bh3 14. Bxh3 Qxh3 15. bxc5 Nf5 16. Ne4 Ncd4 17. Ng5 Qh5 18. Nf3 Nxf3+ 19. exf3 Nd4 20. Kg2 e4 21. Rxb7 exf3+ 22. Kh1 Qh3 23. Rg1 Ne2 24. cxd6 Rae8 25. Ne7+ Kh8 26. Qf1 Qh5 27. Bb2 Bxb2 28. Rxb2 Qe5 29. Rb5 Qxd6 30. Qa1+ Rf6 31. Nd5 Rf8 32. Nxf6 Rxf6 33. Re5 Nxg1 34. Re8+ Kg7 35. Kxg1 fxg3 36. hxg3 Kf7 37. Qe1 Re6 38. Re7+ Rxe7 39. Qb1 Qe6 40. Qc2 Qe1+ 41. Kh2 Qe4 42. Kh3 Qxc2 43. Kh2 Qf5 44. Kg1 Re2 45. Kf1 Qh3+ 46. Kg1 Qg2# 0-1


[Site "https://www.chess.com"]

[Event "Titled Tuesday Blitz February 07 Early 2023"]
[White "Rottenwohrer Suarez, Juan"]
[Black "Toncheva, Nadya"]
[WhiteFideId "32068182"]
[BlackFideId "2924056"]
[WhiteElo "2265"]
[BlackElo "2295"]
[Result "0-1"]
[Round "08"]
[TimeControl "180+2"]
[Date "2023.02.07"]
[WhiteClock "0:00:08"]
[BlackClock "0:00:24"]

1. e4 c5 2. Nf3 e6 3. Nc3 Nc6 4. d4 cxd4 5. Nxd4 Qc7 6. Be2 a6 7. O-O Nf6 8. Be3 Be7 9. a4 O-O 10. Kh1 Rd8 11. Qd2 d5 12. exd5 Nxd5 13. Nxd5 Rxd5 14. Bf3 Rd8 15. Nxc6 Rxd2 16. Nxe7+ Qxe7 17. Bxd2 Qc7 18. Bc3 Bd7 19. a5 Bc6 20. Bxc6 Qxc6 21. Rad1 h6 22. h3 Rc8 23. Rd3 Qb5 24. Rfd1 Kh7 25. Rd7 Qf5 26. Rxb7 Qxf2 27. Rdd7 Qf1+ 28. Kh2 Qf4+ 29. Kh1 Rb8 30. Rxb8 Qxb8 31. Rxf7 e5 32. Re7 Qf8 33. Rxe5 Qf1+ 34. Kh2 Qf4+ 35. Kg1 Qc1+ 36. Re1 Qg5 37. Re4 Qc1+ 38. Kh2 g5 39. Re7+ Kg6 40. Re6+ Kf5 41. Rxh6 Qxc2 42. Rxa6 g4 43. Rf6+ Kg5 44. hxg4 Kxg4 45. Rg6+ Qxg6 0-1


[Site "https://www.chess.com"]

[Event "Titled Tuesday Blitz February 07 Early 2023"]
[White "matenitian"]
[Black "Rosenberg, Evan S"]
[BlackFideId "2019299"]
[WhiteElo "2479"]
[BlackElo "1956"]
[Result "1-0"]
[Round "08"]
[TimeControl "180+2"]
[Date "2023.02.07"]
[WhiteClock "0:00:50"]
[BlackClock "0:00:10"]

1. e4 e5 2. Nf3 Nc6 3. Bb5 Nf6 4. O-O Nxe4 5. Qe2 Nd6 6. Bxc6 dxc6 7. Qxe5+ Be6 8. Re1 Nc4 9. Qc3 Qd5 10. d3 Nb6 11. Ng5 O-O-O 12. Nxe6 fxe6 13. Qb3 Bc5 14. Nc3 Qh5 15. Ne4 Bd6 16. Qxe6+ Kb8 17. Nxd6 Rxd6 18. Qe2 Qg6 19. Bf4 Rdd8 20. Bg3 Nd5 21. d4 h5 22. h3 h4 23. Be5 a6 24. c4 Nf6 25. b4 Nh5 26. b5 axb5 27. cxb5 cxb5 28. Qxb5 Rhe8 29. Rab1 1-0


[Site "https://www.chess.com"]

[Event "Titled Tuesday Blitz February 07 Early 2023"]
[White "Lucassen, Mickey"]
[Black "Danielyan, Vahe"]
[WhiteFideId "12919110"]
[BlackFideId "13304828"]
[WhiteElo "2023"]
[BlackElo "2346"]
[Result "0-1"]
[Round "08"]
[TimeControl "180+2"]
[Date "2023.02.07"]
[WhiteClock "0:00:01"]
[BlackClock "0:00:42"]

1. d4 Nf6 2. Nf3 g6 3. Nc3 Bg7 4. e4 d6 5. Bc4 O-O 6. Qe2 Bg4 7. h3 Bxf3 8. Qxf3 Nc6 9. Be3 e5 10. d5 Nd4 11. Bxd4 exd4 12. Ne2 Re8 13. Bd3 c5 14. dxc6 bxc6 15. O-O Nd7 16. Qg3 Ne5 17. f4 Nxd3 18. cxd3 Rb8 19. b3 c5 20. f5 Rb7 21. Nf4 Be5 22. Rf3 a5 23. Qg4 Bxf4 24. Rxf4 a4 25. f6 Re5 26. bxa4 Qf8 27. Raf1 h5 28. Qg3 Qh6 29. Kh2 Ra7 30. Rf5 Rxf5 31. Rxf5 Rxa4 32. Rd5 Rxa2 33. Rxd6 Qd2 34. Rd8+ Kh7 35. Rf8 Qe3 36. Rxf7+ Kh6 37. Rc7 Ra1 38. Qd6 Qg1+ 39. Kg3 h4+ 40. Kxh4 Qf2+ 41. Qg3 Qxf6+ 42. Kg4 g5 43. h4 Rf1 44. Kh3 Rh1+ 45. Kg4 Rxh4+ 46. Qxh4+ gxh4 47. e5 Qxe5 48. Rc6+ Kg7 49. Kxh4 Qe7+ 50. Kg4 Qd7+ 0-1


[Site "https://www.chess.com"]

[Event "Titled Tuesday Blitz February 07 Early 2023"]
[White "Mouhamad, Joachim"]
[Black "Vagman, Roy"]
[WhiteFideId "656410"]
[BlackFideId "2828995"]
[WhiteElo "2238"]
[BlackElo "2273"]
[Result "1-0"]
[Round "08"]
[TimeControl "180+2"]
[Date "2023.02.07"]
[WhiteClock "0:00:06"]
[BlackClock "0:00:03"]

1. e4 e5 2. Nf3 Nc6 3. Bb5 a6 4. Ba4 Nf6 5. O-O Be7 6. d3 b5 7. Bb3 d6 8. c3 O-O 9. a4 Bb7 10. Bc2 d5 11. Qe2 d4 12. Nbd2 Bc5 13. Re1 Nd7 14. Nf1 Nb6 15. a5 Nc8 16. Ng3 N8e7 17. h4 h6 18. h5 Bc8 19. Nh4 Kh7 20. Qf3 Bd6 21. Bd2 Bd7 22. Nhf5 Nxf5 23. Nxf5 Qf6 24. cxd4 Bxf5 25. dxe5 Bxe5 26. Qxf5+ Qxf5 27. exf5 Bxb2 28. Rab1 Bf6 29. Bb3 Nd4 30. Bd5 c6 31. Be4 Rfe8 32. g4 Kh8 33. Kg2 Rad8 34. f4 Nc2 35. Re2 Nd4 36. Re3 c5 37. Rh3 c4 38. g5 Be7 39. dxc4 bxc4 40. f6 gxf6 41. Bc3 Nb3 42. Rb2 Rd1 43. Rg3 Rg8 44. Re2 Rc1 45. Bb2 Rd1 46. Bc2 Rd2 47. Rxd2 Nxd2 48. g6 fxg6 49. hxg6 Kg7 50. Re3 Bc5 51. Re6 Rf8 52. Rxa6 Nb3 53. Rc6 Bd4 54. Rc7+ Kg8 55. Ba3 Re8 56. Bf5 Re2+ 57. Kf3 Re3+ 58. Kg4 h5+ 59. Kxh5 Re8 60. a6 Nd2 61. a7 Nf1 62. Kh6 Be3 63. Rg7+ Kh8 64. Rh7+ Kg8 65. Be7 Bxf4+ 66. Kh5 Ng3+ 67. Kg4 Nxf5 68. Kxf5 Be5 69. Bxf6 Bxf6 70. Kxf6 Ra8 71. Rb7 Rf8+ 72. Ke5 c3 73. Rb8 c2 74. Rxf8+ Kg7 75. Rf1 c1=R 76. Rxc1 1-0


[Site "https://www.chess.com"]

[Event "Titled Tuesday Blitz February 07 Early 2023"]
[White "Florescu, Codrut-Constantin"]
[Black "Fernandez Siles, Luis"]
[WhiteFideId "1202200"]
[BlackFideId "2209420"]
[WhiteElo "2259"]
[BlackElo "2218"]
[Result "1/2-1/2"]
[Round "08"]
[TimeControl "180+2"]
[Date "2023.02.07"]
[WhiteClock "0:01:34"]
[BlackClock "0:00:26"]

1. e4 c5 2. Nf3 Nc6 3. d4 cxd4 4. Nxd4 Nf6 5. Nc3 e5 6. Ndb5 d6 7. Bg5 a6 8. Na3 b5 9. Nd5 Be7 10. Bxf6 Bxf6 11. c3 O-O 12. Nc2 Rb8 13. a3 a5 14. Be2 Bg5 15. O-O Be6 16. b4 axb4 17. Ncxb4 Bxd5 18. Nxd5 Ne7 19. Rb1 Nxd5 20. Qxd5 Qa5 21. Rb3 Rbc8 22. Bxb5 Rxc3 23. Rxc3 Qxc3 24. a4 Qd2 25. Qxd2 Bxd2 26. g3 Rc8 27. f4 Rc1 28. Rxc1 Bxc1 29. fxe5 Be3+ 30. Kg2 dxe5 31. a5 Kf8 32. a6 Ke7 33. Bc4 g6 34. Kf3 Bd4 35. g4 f6 36. Bg8 h6 37. h4 Kf8 38. Bd5 Ke7 39. Ke2 Kd6 40. Bf7 g5 41. h5 Ba7 42. Kd3 Kc5 43. Bd5 Bb6 44. Kc3 Ba7 45. Be6 Bb6 46. Kb3 Ba7 47. Ka4 Bb6 48. Bf5 Ba7 49. Ka5 Bb6+ 50. Ka4 Ba7 51. Kb3 Bb6 52. Ka4 1/2-1/2


[Site "https://www.chess.com"]

[Event "Titled Tuesday Blitz February 07 Early 2023"]
[White "Prieto Aranguren, Alain"]
[Black "Toczek, Grzegorz"]
[WhiteFideId "2268906"]
[BlackFideId "1106457"]
[WhiteElo "2258"]
[BlackElo "2260"]
[Result "0-1"]
[Round "08"]
[TimeControl "180+2"]
[Date "2023.02.07"]
[WhiteClock "0:01:07"]
[BlackClock "0:00:50"]

1. d4 c5 2. d5 e6 3. e4 exd5 4. exd5 d6 5. Nf3 Nf6 6. c4 Be7 7. Nc3 O-O 8. Bd3 Bg4 9. O-O Nbd7 10. Re1 Ne5 11. Be2 Bxf3 12. Bxf3 Nxc4 13. Ne4 Ne5 14. Ng5 h6 15. Nh3 Nfd7 16. Bf4 Bf6 17. Bh5 Re8 18. Qd2 Nf8 19. Rac1 Nfg6 20. Be3 Qd7 21. Qd1 Qf5 22. Rc3 c4 23. Bd4 Nd3 24. Rxe8+ Rxe8 25. Bxf6 Re1+ 26. Qxe1 Nxe1 27. Bxg6 Qxg6 28. Bd4 Qxg2# 0-1


[Site "https://www.chess.com"]

[Event "Titled Tuesday Blitz February 07 Early 2023"]
[White "Iljin, Timofey"]
[Black "Mrudul Dehankar"]
[WhiteFideId "14110180"]
[BlackFideId "25096990"]
[WhiteElo "2329"]
[BlackElo "2030"]
[Result "1-0"]
[Round "08"]
[TimeControl "180+2"]
[Date "2023.02.07"]
[WhiteClock "0:01:34"]
[BlackClock "0:00:41"]

1. d4 Nf6 2. c4 e6 3. Nc3 Bb4 4. e3 b6 5. a3 Bxc3+ 6. bxc3 Bb7 7. f3 c5 8. Bd3 O-O 9. Ne2 d5 10. cxd5 Qxd5 11. O-O cxd4 12. cxd4 e5 13. e4 Qd6 14. d5 Nbd7 15. Ng3 Rac8 16. Nf5 Qc5+ 17. Be3 Qa5 18. Ne7+ Kh8 19. Nxc8 Rxc8 20. Rc1 Rxc1 21. Qxc1 Ne8 22. Bd2 Qa4 23. Qb2 a6 24. Qb4 Qxb4 25. axb4 Nd6 26. Rc1 Ne8 27. Ra1 b5 28. Be3 Kg8 29. Bc5 f6 30. Bxb5 axb5 31. Ra7 Nxc5 32. bxc5 Bc8 33. Ra8 Bd7 34. c6 Bxc6 35. dxc6 Kf7 36. c7 1-0


[Site "https://www.chess.com"]

[Event "Titled Tuesday Blitz February 07 Early 2023"]
[White "Lacasa Diaz, Jose Antonio"]
[Black "Ramirez Allo, Eduardo"]
[WhiteFideId "2203375"]
[BlackFideId "2224178"]
[WhiteElo "2359"]
[BlackElo "2274"]
[Result "0-1"]
[Round "08"]
[TimeControl "180+2"]
[Date "2023.02.07"]
[WhiteClock "0:02:34"]
[BlackClock "0:02:39"]

1. e4 c5 2. Nf3 d6 3. Bb5+ Nd7 4. a4 Nf6 5. Nc3 e6 6. a5 Be7 7. O-O O-O 8. d4 cxd4 9. Qxd4 a6 10. Be2 Qc7 11. Rd1 Ne5 12. Bf4 Nxf3+ 13. Bxf3 e5 0-1


[Site "https://www.chess.com"]

[Event "Titled Tuesday Blitz February 07 Early 2023"]
[White "Kaplan, Avi Harrison"]
[Black "Fathy, Elameir"]
[WhiteFideId "30934559"]
[BlackFideId "10600396"]
[WhiteElo "2146"]
[BlackElo "2300"]
[Result "1-0"]
[Round "08"]
[TimeControl "180+2"]
[Date "2023.02.07"]
[WhiteClock "0:00:08"]
[BlackClock "0:00:02"]

1. a3 d5 2. Nf3 Bf5 3. c4 c6 4. Qb3 Nd7 5. cxd5 Nc5 6. Qe3 Qxd5 7. Nc3 Qd6 8. Nd4 Bg6 9. b4 Nd7 10. Bb2 Ngf6 11. g3 e5 12. Nf3 Be7 13. h3 O-O 14. Bg2 Rfe8 15. O-O Bf8 16. Rac1 Nd5 17. Nxd5 cxd5 18. d3 e4 19. dxe4 Bxe4 20. Qd4 Nb6 21. Rfd1 Rac8 22. Kh2 Nc4 23. Ba1 a6 24. Nd2 Nxd2 25. Qxd2 Qe6 26. Bxe4 dxe4 27. e3 Qf5 28. Qe2 b5 29. Kg2 h5 30. h4 Red8 31. Rxc8 Rxc8 32. Rd4 Be7 33. Qd1 Bf6 34. Rd5 Qf3+ 35. Kg1 Bxa1 36. Qxa1 Rc2 37. Qf1 Qf6 38. Rd4 Rb2 39. Qg2 Ra2 40. Rxe4 Ra1+ 41. Kh2 g6 42. Rf4 Qe6 43. Qf3 Ra2 44. Qa8+ Kg7 45. Qf3 Kg8 46. Kg2 Rxa3 47. Qa8+ Kg7 48. Qb7 Ra2 49. Qf3 Rc2 50. Re4 Qc6 51. Rf4 Qxf3+ 52. Rxf3 Rc4 53. Rf4 Rxf4 54. gxf4 Kf6 55. Kf3 Ke6 56. e4 f6 57. Ke3 Kd6 58. Kd4 Kc6 59. e5 fxe5+ 60. fxe5 Kd7 61. f4 Ke6 62. Kc5 Kf5 63. Kb6 g5 64. fxg5 Kxe5 65. Kxa6 1-0


[Site "https://www.chess.com"]

[Event "Titled Tuesday Blitz February 07 Early 2023"]
[White "Marn, Jan"]
[Black "Jiganchine, Roman"]
[WhiteFideId "14619245"]
[BlackFideId "2603667"]
[WhiteElo "2345"]
[BlackElo "2205"]
[Result "1-0"]
[Round "08"]
[TimeControl "180+2"]
[Date "2023.02.07"]
[WhiteClock "0:00:18"]
[BlackClock "0:00:32"]

1. d4 d5 2. Nf3 Nf6 3. e3 Bf5 4. Nh4 e6 5. Nxf5 exf5 6. c4 c6 7. Nc3 Be7 8. cxd5 cxd5 9. Qb3 Qd7 10. Bb5 Nc6 11. Bd2 O-O 12. O-O Rfd8 13. Rfc1 Ne4 14. Nxe4 fxe4 15. Qa4 Rac8 16. Rc2 a6 17. Be2 Qe6 18. Rac1 h5 19. Bxh5 g6 20. Be2 Kg7 21. Bxa6 Rh8 22. Bxb7 Qd6 23. h3 Rxh3 24. gxh3 Rh8 25. Rxc6 Qd7 26. Rxg6+ 1-0


[Site "https://www.chess.com"]

[Event "Titled Tuesday Blitz February 07 Early 2023"]
[White "Dolezal, Cristian"]
[Black "JonSnowNW1"]
[WhiteFideId "103560"]
[WhiteElo "2355"]
[BlackElo "2329"]
[Result "1/2-1/2"]
[Round "08"]
[TimeControl "180+2"]
[Date "2023.02.07"]
[WhiteClock "0:00:16"]
[BlackClock "0:00:08"]

1. e4 c5 2. d3 d6 3. g3 g6 4. Bg2 Bg7 5. c3 Nc6 6. f4 e5 7. Nf3 Nge7 8. O-O O-O 9. Na3 Rb8 10. f5 gxf5 11. Nh4 fxe4 12. dxe4 f5 13. Qh5 Qe8 14. Qxe8 Rxe8 15. Nxf5 Nxf5 16. exf5 Bf6 17. g4 Bh4 18. Bh6 e4 19. Nc4 d5 20. Nd6 Rd8 21. Bf4 Be7 22. Nb5 a6 23. Bxb8 axb5 24. Bc7 Rd7 25. Bf4 Rd8 26. Rad1 Bh4 27. Rd2 h5 28. h3 hxg4 29. hxg4 Kf7 30. Rfd1 Ne7 31. Bxe4 Rg8 32. Bh2 dxe4 33. Rg2 Bg5 34. Re1 e3 35. Bd6 Nd5 36. Bxc5 Bh4 37. Rd1 Nf4 38. Rh2 Rxg4+ 39. Kf1 Bxf5 40. Bxe3 Bd3+ 41. Rxd3 Nxd3 42. Ke2 Nxb2 43. Kf3 Rc4 44. Rxb2 Rxc3 45. Ke4 Bf6 46. Rxb5 Rc7 47. Bf4 Rd7 48. Kf5 Be7 49. a4 Bf8 50. a5 Bg7 51. Ke4 Bc3 52. Be3 Ke6 53. Bb6 Kf7 54. Rf5+ Ke6 55. Rf3 Bb4 56. Rh3 Be7 57. Rh6+ Kf7 58. Ke5 Rd1 59. Rh7+ Ke8 60. Ke6 Re1+ 61. Kd5 Kd7 62. Bc5 Rd1+ 63. Ke4 Re1+ 64. Kd3 Re5 65. Bb4 Kd8 66. Bc3 Rd5+ 67. Kc4 Rd7 68. Kb5 Rc7 69. Bd4 Rd7 70. Be3 Kc7 71. Bb6+ Kc8 72. Rh8+ Bd8 73. Kc5 Rd1 74. Kc4 Rc1+ 75. Kb3 Rd1 76. Kc2 Rd7 77. Kb2 Rd5 78. Kc3 Rd7 79. Kc4 Rd1 80. Bd4 Rc1+ 81. Kd5 Rd1 82. Kc5 Kd7 83. Rh7+ Be7+ 84. Kc4 Rc1+ 85. Kd3 Rd1+ 86. Ke4 Ke6 87. Rh6+ Kd7 88. Rb6 Kc7 89. Be5+ Bd6 90. Bd4 Re1+ 91. Kd5 Be7 92. Rb5 Kc8 93. Bb6 Bd8 94. Rc5+ Kd7 95. Bxd8 Kxd8 96. Rc3 Rd1+ 97. Kc5 Kc7 98. Kb5+ Kb8 99. Rb3 Rd5+ 100. Kb6 Rd6+ 101. Kc5 Rc6+ 102. Kd5 Ra6 103. Rb5 Ka7 104. Kc5 Rc6+ 105. Kb4 Ra6 106. Ka4 Rh6 107. Rb4 Ka6 108. Rd4 Rh5 109. Rd6+ Ka7 110. Re6 Rh4+ 111. Kb5 Rh5+ 112. Kb4 Rh4+ 113. Kb5 Rh5+ 114. Ka4 Rh4+ 115. Kb5 1/2-1/2


[Site "https://www.chess.com"]